 Dungeon Crawl Stone Soup version 0.23.0 (webtiles) character file.

Game seed: 1712854133321992845

153398 Delanovic the Imperceptible (level 17, -17/93 HPs)
             Began as a Spriggan Enchanter on Feb 13, 2019.
             Was the Champion of Dithmenos.
             Killed from afar by an ice dragon (45 damage)
             ... with a blast of cold
             ... on level 2 of the Depths on Feb 16, 2019.
             The game lasted 03:02:50 (44966 turns).

Delanovic the Imperceptible (Spriggan Enchanter)   Turns: 44966, Time: 03:02:51

Health: -17/93     AC:  4    Str:  4    XL:     17   Next: 4%
Magic:  4/27       EV: 34    Int: 21    God:    Dithmenos [******]
Gold:   3297       SH:  9    Dex: 22    Spells: 15/29 levels left

rFire    . . .     SeeInvis +   K - +7 rapier (holy)
rCold    . . .     Gourm    .   F - +1 buckler {rC+}
rNeg     . . .     Faith    .   b - +0 robe
rPois    .         Spirit   .   k - +0 hat
rElec    +         Reflect  .   N - +1 cloak {MR+}
rCorr    .         Harm     .   (gloves unavailable)
MR       ++++.                  (boots unavailable)
Stlth    ++++++++++             T - amulet of regeneration
HPRegen  0.65/turn              V - ring "Jemuowye" {+Blink rElec rC- Dex+3 Stlth+}
MPRegen  0.20/turn              G - ring of protection from magic

@: very slightly contaminated, hasted, wreathed by umbra, very quick
A: very small, unfitting armour, see invisible, herbivore, speed 3, slow
metabolism 2
a: Shadow Step, Shadow Form, Renounce Religion, Evoke Blink


You were on level 2 of the Depths.
You worshipped Dithmenos.
Dithmenos was exalted by your worship.
You were not hungry.

You visited 8 branches of the dungeon, and saw 29 of its levels.
You also visited: Sewer, Bailey, Gauntlet, Ice Cave and Volcano.

You collected 3592 gold pieces.
You spent 295 gold pieces at shops.

Inventory:

Hand Weapons
 a - a +2 dagger
 c - a +2 dagger of chaos
 l - a +1 rapier of electrocution
 r - a +1 rapier of flaming
 I - a +0 hand crossbow
 K - a +7 rapier of holy wrath (weapon)
Missiles
 s - 267 bolts
 w - 10 throwing nets (quivered)
Armour
 b - a +0 robe (worn)
 h - a +2 cloak of cold resistance
 k - a +0 hat (worn)
 F - a +1 buckler of cold resistance (worn)
 N - a +1 cloak of magic resistance (worn)
Jewellery
 p - an uncursed ring of poison resistance
 x - an uncursed amulet of faith
 D - an uncursed ring of positive energy
 G - a ring of protection from magic (right hand)
 T - an amulet of regeneration (around neck)
 U - an uncursed ring of flight
 V - the ring "Jemuowye" (left hand) {+Blink rElec rC- Dex+3 Stlth+}
   (You took it off a yaktaur captain on level 1 of the Depths)

   [ring of dexterity]

   It affects your dexterity (+3).
   It makes you vulnerable to cold.
   It insulates you from electricity.
   It lets you blink.
   It makes you more stealthy.
 Y - an uncursed ring of stealth
Scrolls
 e - 10 scrolls of teleportation
 g - a scroll of summoning
 m - 3 scrolls of enchant weapon
 n - 6 scrolls of blinking
 q - 3 scrolls of fear
 t - 20 scrolls of remove curse
 u - 3 scrolls of amnesia
 y - 3 scrolls of holy word
 C - a scroll of vulnerability
 J - 4 scrolls of silence
 M - a scroll of enchant armour
 O - a scroll of torment
 P - a scroll of fog
 W - 2 scrolls of identify
Potions
 f - 4 potions of berserk rage
 i - 3 potions of lignification
 j - 11 potions of curing
 o - a potion of resistance
 v - 2 potions of ambrosia
 A - 3 potions of flight
 E - 4 potions of mutation
 H - 7 potions of brilliance
 L - a potion of cancellation
 Q - 2 potions of agility
 R - 2 potions of might
 S - a potion of heal wounds
 X - a potion of magic
Comestibles
 d - 25 rations


   Skills:
 - Level 12.1 Fighting
 - Level 10.7 Short Blades
 - Level 16.3 Dodging
 + Level 26.7 Stealth
 + Level 6.1 Shields
 - Level 6.6 Spellcasting
 + Level 0.0 Conjurations
 - Level 10.6 Hexes


You had 15 spell levels left.
You knew the following spells:

 Your Spells              Type           Power        Failure   Level  Hunger
a - Corona                Hex            ######.      1%          1    None
b - Ensorcelled Hibernat  Hex/Ice        ####..       1%          2    None
c - Confuse               Hex            ######..     1%          3    #......
d - Slow                  Hex            ######..     1%          2    None
e - Tukima's Dance        Hex            ######..     1%          3    #......
f - Dazzling Spray        Conj/Hex       ####..       3%          3    #......

Your spell library contained the following spells:

 Spells                   Type           Power        Failure   Level  Hunger
 Cause Fear               Hex            ######....   1%          4    ###....
 Inner Flame              Hex/Fire       ####....     3%          3    #......
 Portal Projectile        Hex/Tloc       ####..       3%          3    #......
 Beastly Appendage        Tmut           #.....       10%         1    None
 Flame Tongue             Conj/Fire      #....        10%         1    None
 Leda's Liquefaction      Hex/Erth       ####......   11%         4    ###....
 Poisonous Vapours        Pois/Air       #.....       16%         2    None
 Sticks to Snakes         Tmut           #.......     16%         2    None
 Throw Flame              Conj/Fire      #.....       16%         2    None
 Conjure Flame            Conj/Fire      #.......     30%         3    #......
 Mephitic Cloud           Conj/Pois/Air  #.......     30%         3    #......
 Spider Form              Tmut/Pois      #.........   30%         3    #......
 Ice Form                 Ice/Tmut       #.......     69%         4    ###....
 Sticky Flame             Conj/Fire      #.......     69%         4    ###....
 Blade Hands              Tmut           #.........   95%         5    #####..
 Fireball                 Conj/Fire      #.........   95%         5    #####..
 Freezing Cloud           Conj/Ice/Air   #.........   100%        6    ######.
 Ring of Flames           Chrm/Fire      #.........   100%        7    #######


Dungeon Overview and Level Annotations

Branches:
Dungeon (15/15)            Temple (1/1) D:4            Lair (6/6) D:9
  Swamp (0/4) Lair:2        Snake (1/4) Lair:2        Slime (1/5) Lair:5
    Orc (2/2) D:11            Elf (1/3) Orc:2        Vaults (0/5) D:13
 Depths (2/5) D:15

Altars:
Ashenzari
Dithmenos
Elyvilon
Fedhas
Gozag
Hepliaklqana
Kikubaaqudgha
Makhleb
Nemelex Xobeh
Qazlal
Ru
Sif Muna
Uskayaw
Vehumet
Wu Jian
Xom
Yredelemnul
Zin
The Shining One
Jiyva

Shops:
D:6 (   D:7 *   Orc:2 (}%%   Snake:1 %

Portals:
Hell: Depths:1

Annotations:
D:3 3 runed translucent doors, Ivernyr's ghost, amateur OgWz
D:6 2 transporters, endorz's ghost, novice TrFi


Innate Abilities, Weirdness & Mutations

You are very small and have problems with some larger weapons.
You are too small for most types of armour.
You have supernaturally acute eyesight. (SInv)
You are a herbivore.
You cover ground extremely quickly.
You need to consume almost no food.


Message History

Unknown command.
Casting: Tukima's Dance (safe; 1% risk of failure)
Confirm with . or Enter, or press ? or * to list all spells.
You don't have enough magic to cast that spell.
You flicker back into view.
An ice dragon comes into view.
The ice dragon roars deafeningly!
You hit the ice dragon but do no damage.
Your shadow barely misses the ice dragon.
The ice dragon barely misses you. You block the ice dragon's attack.
The ice dragon barely misses you. The ice dragon breathes frost at you.
The blast of cold hits you!!!
* * * LOW HITPOINT WARNING * * *
You emit a cloud of dark smoke.
You feel much better.
You feel as though your hastened speed will last longer.
The ice dragon breathes frost at you. The blast of cold hits you!!!
You die...

##...#.# #......##
##.......######
#.............#
#.#.###.###...#
##.i........#..#
#..#.#.####..#.#
##§#......##.#.##
##@#.#..#..#.#..###
#§§§.#.#.#.#.......
##§#.#..#..#.#.....
#.#.##......#...#.
#.#.D####.#.#.....
##..#...D..........
#....###.###.#..###
##..............# #
####...#####.###


You could see an ice dragon and a spriggan berserker.

Vanquished Creatures
  A golden dragon (D:15)
  Nikola (Snake:1)
  A titan (Depths:1)
  A quicksilver dragon (Depths:1)
  An azure jelly (Snake:1)
  A fire giant (Depths:1)
  The ghost of LostNumber the Grappler, a journeyman DrTm of Ru (D:12)
  An ironheart preserver (D:13)
  A deep elf elementalist (Depths:1)
  6 very ugly things (Depths:1)
  3 stone giants
  A minotaur (Gauntlet)
  A spark wasp (Depths:1)
  2 jiangshi (Depths:2)
  A blizzard demon (IceCv)
  A great orb of eyes (Depths:1)
  6 hydras
  3 yaktaur captains (Depths:1)
  3 fire dragons
  2 ice dragons (Depths:1)
  2 anacondas (Snake:1)
  A naga warrior (Snake:1)
  4 two-headed ogres
  3 centaur warriors
  A catoblepas (Lair:2)
  A deep troll shaman (Depths:1)
  2 dancing weapons (Elf:1)
  A vampire mage (Depths:2)
  2 deep troll earth magi
  12 death yaks
  6 orc high priests
  2 thrashing horrors (Gauntlet)
  4 tengu warriors
  Urug (Lair:3)
  2 shock serpents (Snake:1)
  Nergalle (D:10)
  A salamander mystic (Snake:1)
  9 deep trolls
  A wizard (D:14)
  An unseen horror (D:15)
  6 orc knights
  A naga ritualist (Snake:1)
  Pikel (D:5)
  A necromancer (Gauntlet)
  4 mana vipers (Snake:1)
  7 deep elf magi
  5 orc sorcerers
  A wolf spider zombie (D:14)
  2 manticores
  16 ugly things
  3 cyclopes
  14 elephants
  9 black mambas
  3 centaur zombies
  Psyche (D:8)
  2 ice statues (IceCv)
  3 naga magi (Snake:1)
  11 spiny frogs
  8 komodo dragons
  2 minotaur zombies (Gauntlet)
  A torpor snail (Lair:3)
  A yaktaur (Depths:1)
  2 rime drakes
  An efreet (Volcano)
  A kobold demonologist (D:13)
  14 ice devils (IceCv)
  A jumping spider (D:9)
  3 tengu conjurers
  3 hornets (Lair:6)
  Prince Ribbit (D:5)
  14 blink frogs
  4 polar bears (Lair:6)
  10 trolls
  A dream sheep (Lair:6)
  19 slime creatures
  13 hippogriffs
  7 water elementals
  2 small abominations (Gauntlet)
  2 wraiths
  30 yaks
  7 fire bats (Volcano)
  14 spriggans
  A vampire (D:8)
  A wyvern (D:13)
  A basilisk (Lair:6)
  2 chaos spawn (D:15)
  A fire elemental (Volcano)
  3 hungry ghosts
  Grum (D:9)
  A vampire mosquito (Lair:2)
  7 wargs
  2 insubstantial wisps (Lair:2)
  11 nagas
  Menkaure (D:6)
  3 acid dragons
  11 water moccasins
  Duvessa (D:6)
  9 porcupines
  4 sky beasts
  Purgy (Sewer)
  27 orc warriors
  10 ice beasts
  6 black bears
  A necrophage (D:5)
  27 wolves
  11 ogres
  7 phantoms
  4 boggarts (Lair:6)
  11 centaurs
  9 crocodiles
  6 big kobolds
  20 bullfrogs
  9 gnoll sergeants
  3 earth elementals
  5 scorpions
  2 wyvern skeletons
  Dowan (D:6)
  17 killer bees
  3 wights (D:14)
  2 howler monkeys
  3 electric eels
  10 crimson imps
  10 lava snakes (Volcano)
  A wyvern simulacrum (D:9)
  2 quasits
  A bullfrog zombie (D:13)
  6 jellies
  2 bullfrog skeletons
  5 centaur skeletons
  4 gnoll shamans (Bailey)
  13 orc priests
  5 hounds
  24 orc wizards
  3 iguanas
  11 worker ants
  A hound zombie (D:7)
  2 hound skeletons
  A killer bee simulacrum (D:9)
  22 gnolls
  10 adders
  A hound simulacrum (D:9)
  A river rat (D:4)
  6 shadow imps
  3 white imps
  2 worker ant simulacra (D:9)
  6 ufetubi
  2 oozes
  An adder zombie (D:7)
  An adder skeleton (D:8)
  A worm (D:2)
  2 dart slugs
  3 leopard geckos
  97 orcs
  10 giant cockroaches
  5 goblins
  13 hobgoblins
  9 jackals
  8 quokkas
  3 ball pythons
  6 bats
  6 frilled lizards
  19 kobolds
  8 rats
  2 fungi
  3 plants
942 creatures vanquished.

Vanquished Creatures (collateral kills)
  A frost giant (Depths:1)
  An orc knight (Orc:2)
  An orc warrior (D:9)
  A gnoll shaman (Bailey)
  An orc priest (Orc:2)
  An orc wizard (D:13)
  A bullfrog simulacrum (D:9)
  3 orcs
10 creatures vanquished.

Vanquished Creatures (others)
  A tengu warrior (D:13)
  An unseen horror (shapeshifter) (D:13)
  7 dancing weapons
  A slave (D:5)
  A centaur (Depths:1)
  A scorpion (D:5)
  A gnoll shaman (Bailey)
  8 white imps (IceCv)
  3 ufetubi (IceCv)
  An orc (D:9)
  A bush (Lair:6)
  12 fungi
  12 plants
50 creatures vanquished.

Grand Total: 1002 creatures vanquished

Notes
Turn   | Place    | Note
-------+----------+-------------------------------------------
     0 | D:1      | Delanovic the Spriggan Enchanter began the quest for the
                  | Orb.
     0 | D:1      | Reached XP level 1. HP: 9/9 MP: 5/5
   544 | D:1      | Reached XP level 2. HP: 12/13 MP: 6/6
   549 | D:1      | Reached skill level 5 in Stealth
   760 | D:1      | You fall through a shaft!
   863 | D:2      | Found a sparkling altar of Nemelex Xobeh.
   992 | D:2      | Found a basalt altar of Yredelemnul.
   999 | D:2      | Found a blossoming altar of Fedhas.
  1224 | D:2      | Reached XP level 3. HP: 16/16 MP: 8/8
  1228 | D:2      | Learned a level 2 spell: Ensorcelled Hibernation
  1232 | D:2      | Learned a level 3 spell: Confuse
  2040 | D:2      | Found a faded altar of an unknown god.
  2483 | D:3      | Reached skill level 6 in Stealth
  2562 | D:3      | Noticed a bullfrog
  2581 | D:3      | Killed a bullfrog
  2581 | D:3      | Reached XP level 4. HP: 11/21 MP: 2/9
  2757 | D:3      | Reached skill level 7 in Stealth
  2757 | D:3      | Reached XP level 5. HP: 24/24 MP: 2/10
  3749 | D:3      | Found a runed translucent gate.
  3749 | D:3      | Found a runed translucent gate.
  3749 | D:3      | Found a runed translucent gate.
  3749 | D:3      | Noticed Ivernyr's ghost (amateur OgWz)
  4058 | D:4      | Noticed a phantom
  4291 | D:4      | Noticed an ogre
  4313 | D:4      | Killed an ogre
  4313 | D:4      | Reached skill level 8 in Stealth
  4313 | D:4      | Reached XP level 6. HP: 28/28 MP: 0/11
  4452 | D:4      | Found a staircase to the Ecumenical Temple.
  4462 | Temple   | Entered the Ecumenical Temple
  4483 | Temple   | Became a worshipper of Dithmenos the Shadowed
  4506 | D:4      | Found a stormy altar of Qazlal.
  4576 | D:4      | Found a sacrificial altar of Ru.
  4642 | D:4      | Reached skill level 5 in Short Blades
  4773 | D:4      | Found a glowing drain.
  4809 | Sewer    | Entered a sewer
  5100 | Sewer    | Noticed Purgy
  5102 | Sewer    | Killed Purgy
  5102 | Sewer    | Reached skill level 9 in Stealth
  5203 | D:4      | Reached XP level 7. HP: 32/32 MP: 8/12
  5398 | D:4      | Found a shimmering altar of Xom.
  6014 | D:4      | Reached * piety under Dithmenos
  6096 | D:5      | Entered Level 5 of the Dungeon
  6122 | D:5      | Found a transporter.
  6187 | D:5      | Reached skill level 5 in Hexes
  6187 | D:5      | Reached XP level 8. HP: 22/35 MP: 3/15
  6385 | D:5      | Noticed Pikel
  6393 | D:5      | Killed Pikel
  6723 | D:5      | Found a transporter.
  6758 | D:5      | Noticed Prince Ribbit
  6765 | D:5      | Killed Prince Ribbit
  7360 | D:6      | Noticed Dowan
  7362 | D:6      | Noticed Duvessa
  7367 | D:6      | Killed Dowan
  7367 | D:6      | Reached XP level 9. HP: 44/44 MP: 16/16
  7372 | D:6      | Killed Duvessa
  7425 | D:6      | Found a hazy altar of Hepliaklqana.
  7469 | D:6      | Found a white marble altar of Elyvilon.
  7503 | D:6      | Found a transporter.
  7513 | D:6      | Found a radiant altar of Vehumet.
  7602 | D:6      | Noticed a two-headed ogre
  7609 | D:6      | Killed a two-headed ogre
  7609 | D:6      | Reached skill level 5 in Fighting
  7654 | D:6      | Noticed endorz's ghost (novice TrFi)
  7657 | D:6      | Found a transporter.
  7863 | D:6      | Found Massam's Antique Weapon Shop.
  8001 | D:6      | Learned a level 2 spell: Slow
  8005 | D:6      | Learned a level 3 spell: Tukima's Dance
  8009 | D:6      | Learned a level 3 spell: Dazzling Spray
  8021 | D:6      | Noticed Menkaure
  8030 | D:6      | Killed Menkaure
  8030 | D:6      | Reached skill level 10 in Hexes
  8169 | D:7      | Found a flagged portal.
  8177 | Bailey   | Entered a bailey
  8339 | Bailey   | Reached skill level 5 in Dodging
  8647 | Bailey   | Reached ** piety under Dithmenos
  8680 | Bailey   | Reached XP level 10. HP: 23/53 MP: 2/17
  9951 | D:7      | Found Ingemif's General Store.
 10658 | D:8      | Reached *** piety under Dithmenos
 10722 | D:8      | Noticed Psyche
 10727 | D:8      | Killed Psyche
 10786 | D:8      | Found a glowing silver altar of Zin.
 10973 | D:8      | Reached skill level 10 in Stealth
 11178 | D:8      | Reached skill level 5 in Spellcasting
 11760 | D:9      | Noticed Grum
 11780 | D:9      | Reached skill level 11 in Stealth
 11944 | D:9      | Killed Grum
 12064 | D:9      | Reached **** piety under Dithmenos
 12239 | D:9      | Reached XP level 11. HP: 58/58 MP: 18/21
 12957 | D:9      | Found a staircase to the Lair.
 13076 | D:9      | Noticed Harold
 13122 | D:9      | Reached skill level 12 in Stealth
 13124 | D:9      | Noticed Harold
 13124 | D:9      | Harold changed into Harold the jumping spider
 13128 | D:9      | Killed Harold the jumping spider
 13137 | D:9      | Reached ***** piety under Dithmenos
 13874 | D:10     | Entered Level 10 of the Dungeon
 13927 | D:10     | Noticed Nergalle
 13930 | D:10     | Killed Nergalle
 14019 | D:10     | Reached skill level 10 in Dodging
 14254 | D:10     | Noticed a two-headed ogre
 14261 | D:10     | Killed a two-headed ogre
 14261 | D:10     | Reached skill level 13 in Stealth
 14407 | D:10     | Noticed a two-headed ogre
 14411 | D:10     | Killed a two-headed ogre
 14460 | D:10     | Reached skill level 10 in Short Blades
 15058 | D:11     | Found a staircase to the Orcish Mines.
 15066 | D:11     | Found a gate leading to a gauntlet.
 15076 | Gauntlet | Entered a Gauntlet
 15076 | Gauntlet | Found a transporter.
 15087 | Gauntlet | Found a transporter.
 15087 | Gauntlet | Found a transporter.
 15089 | Gauntlet | Found a transporter.
 15089 | Gauntlet | Noticed a necromancer
 15110 | Gauntlet | Found a transporter.
 15125 | Gauntlet | Found a transporter.
 15130 | Gauntlet | Found a transporter.
 15145 | Gauntlet | Noticed a white ugly thing
 15209 | Gauntlet | Killed a necromancer
 15210 | Gauntlet | Found a transporter.
 15216 | Gauntlet | Found a transporter.
 15346 | Gauntlet | Found a transporter.
 15346 | Gauntlet | Found a transporter.
 15535 | Gauntlet | Found a transporter.
 15536 | Gauntlet | Found a large runed translucent door.
 15536 | Gauntlet | Found a large runed translucent door.
 15536 | Gauntlet | Noticed a thrashing horror
 15537 | Gauntlet | Found a large runed translucent door.
 15537 | Gauntlet | Found a large runed translucent door.
 15538 | Gauntlet | Found a large runed translucent door.
 15538 | Gauntlet | Found a large runed translucent door.
 15538 | Gauntlet | Found a large runed translucent door.
 15538 | Gauntlet | Found a large runed translucent door.
 15538 | Gauntlet | Noticed a wolf spider
 15539 | Gauntlet | Found a runed translucent gate.
 15539 | Gauntlet | Found a runed translucent door.
 15539 | Gauntlet | Noticed a thrashing horror
 15540 | Gauntlet | Killed a thrashing horror
 15540 | Gauntlet | Reached XP level 12. HP: 63/63 MP: 22/22
 15543 | Gauntlet | Reached skill level 14 in Stealth
 15724 | Gauntlet | Found a transporter.
 15726 | Gauntlet | Found a transporter.
 15726 | Gauntlet | Noticed a dire elephant
 15749 | Gauntlet | Noticed a minotaur
 15781 | Gauntlet | Killed a minotaur
 16012 | Gauntlet | Found the +3 pair of gauntlets of War {Slay+5}
 16400 | D:11     | Found a white marble altar of Elyvilon.
 17020 | D:12     | Found a runed translucent gate.
 17020 | D:12     | Found a runed translucent gate.
 17021 | D:12     | Found a runed translucent gate.
 17022 | D:12     | Noticed a 13-headed hydra
 17023 | D:12     | Noticed a 12-headed hydra
 17023 | D:12     | Noticed LostNumber's ghost (journeyman DrTm)
 17489 | D:12     | Reached skill level 15 in Stealth
 17900 | D:13     | Reached ****** piety under Dithmenos
 17933 | D:13     | Noticed a tengu warrior
 17934 | D:13     | Noticed a tengu warrior
 17941 | D:13     | Killed a tengu warrior
 17948 | D:13     | Killed a tengu warrior
 18760 | D:13     | Reached skill level 16 in Stealth
 18984 | D:13     | Noticed a tengu warrior
 18984 | D:13     | Noticed a centaur warrior
 19009 | D:13     | Killed a tengu warrior
 19249 | D:13     | Reached XP level 13. HP: 69/69 MP: 19/23
 19284 | D:13     | Found a gate to the Vaults.
 19284 | D:13     | Noticed an ironheart preserver
 19292 | D:13     | Killed an ironheart preserver
 19957 | D:14     | Reached skill level 15 in Dodging
 20158 | D:15     | Entered Level 15 of the Dungeon
 20161 | D:15     | Found a shimmering altar of Xom.
 20173 | D:15     | Found the +7 mace of Variability {chain chaos}
 20217 | D:15     | Noticed a fire dragon
 20217 | D:15     | Noticed a fire dragon
 20222 | D:15     | Found a staircase to the Depths.
 20224 | D:15     | Killed a fire dragon
 20229 | D:15     | Killed a fire dragon
 20619 | D:15     | Reached skill level 10 in Fighting
 21577 | Lair:1   | Entered Level 1 of the Lair of Beasts
 21621 | Lair:1   | Found a dark tunnel.
 21635 | Volcano  | Entered a volcano
 22064 | Volcano  | Noticed a stone giant
 22312 | Volcano  | Killed a stone giant
 22436 | Volcano  | Reached XP level 14. HP: 53/77 MP: 12/24
 22711 | Volcano  | Reached skill level 17 in Stealth
 22719 | Volcano  | Found a bloodstained altar of Trog.
 23528 | Lair:2   | Found a staircase to the Snake Pit.
 24104 | Lair:2   | Reached skill level 18 in Stealth
 24728 | Lair:2   | Found a staircase to the Swamp.
 25042 | Lair:3   | Reached skill level 19 in Stealth
 25099 | Lair:3   | Noticed Urug
 25105 | Lair:3   | Killed Urug
 25831 | Lair:4   | Identified a scroll of acquirement
 26144 | Lair:4   | Reached skill level 20 in Stealth
 27331 | Lair:4   | Reached skill level 21 in Stealth
 27483 | Lair:5   | Found a viscous altar of Jiyva.
 27483 | Lair:5   | Found a staircase to the Slime Pits.
 28600 | Lair:6   | Entered Level 6 of the Lair of Beasts
 29103 | Lair:6   | Reached skill level 22 in Stealth
 29509 | Lair:6   | Reached XP level 15. HP: 80/80 MP: 10/25
 30845 | Lair:6   | Reached skill level 23 in Stealth
 31793 | Snake:1  | Entered Level 1 of the Snake Pit
 31801 | Snake:1  | Found Rarchum's Food Emporium.
 31908 | Snake:1  | Noticed an azure jelly
 31926 | Snake:1  | Killed an azure jelly
 31976 | Snake:1  | Found a frozen archway.
 31982 | IceCv    | Entered an ice cave
 32108 | IceCv    | Reached skill level 24 in Stealth
 34372 | Snake:1  | Noticed Nikola
 34378 | Snake:1  | Killed Nikola
 34433 | Snake:1  | Reached skill level 25 in Stealth
 34927 | Snake:1  | Reached skill level 1 in Shields
 35589 | Orc:1    | Entered Level 1 of the Orcish Mines
 36607 | Orc:2    | Entered Level 2 of the Orcish Mines
 37315 | Orc:2    | Reached XP level 16. HP: 86/86 MP: 8/26
 37844 | Orc:2    | Found Ferap's Food Boutique.
 37844 | Orc:2    | Found Xeul's Food Shoppe.
 37846 | Orc:2    | Found Sych's Gadget Boutique.
 37846 | Orc:2    | Found Zifygi's Weapon Shoppe.
 37858 | Orc:2    | Bought a ration for 55 gold pieces
 37858 | Orc:2    | Bought a ration for 55 gold pieces
 37858 | Orc:2    | Bought a ration for 55 gold pieces
 37858 | Orc:2    | Bought a ration for 55 gold pieces
 38036 | Orc:2    | Found a staircase to the Elven Halls.
 38726 | D:12     | Killed LostNumber's ghost
 39111 | Depths:1 | Entered Level 1 of the Depths
 39111 | Depths:1 | Found a gateway to Hell.
 39126 | Depths:1 | Noticed a golden dragon
 39419 | D:15     | Killed a golden dragon
 40156 | D:15     | Reached skill level 26 in Stealth
 41056 | Depths:1 | Reached skill level 5 in Shields
 41629 | Depths:1 | Noticed a quicksilver dragon
 41635 | Depths:1 | Killed a quicksilver dragon
 41647 | Depths:1 | Noticed a titan
 41652 | Depths:1 | Killed a titan
 42060 | Depths:1 | Identified the ring "Jemuowye" {+Blink rElec rC- Dex+3
                  | Stlth+}
 43025 | Slime:1  | Entered Level 1 of the Pits of Slime
 43191 | Slime:1  | Noticed an acid blob
 43692 | Elf:1    | Entered Level 1 of the Elven Halls
 43695 | Elf:1    | Reached XP level 17. HP: 93/93 MP: 27/27
 44425 | D:7      | Bought a potion of heal wounds for 75 gold pieces
 44962 | Depths:2 | HP: 2/93 [ice dragon/blast of cold (46)]
 44966 | Depths:2 | Killed from afar by an ice dragon

Skill      XL: |  1  2  3  4  5  6  7  8  9 10 11 12 13 14 15 16 |
---------------+-------------------------------------------------+-----
Stealth        | 5 6 7 8 9 11 13 16 22 25 26 | 26.7
Short Blades   | 2 3 4 5 6 8 10 | 10.7
Spellcasting   | 4 6 |  6.6
Hexes          | 5 8 10 | 10.6
Fighting       | 4 5 6 7 8 10 12 | 12.1
Dodging        | 6 8 11 13 16 | 16.3
Shields        | 2 6 |  6.1

Action                   |  1- 3 |  4- 6 |  7- 9 | 10-12 | 13-15 | 16-18 || total
-------------------------+-------+-------+-------+-------+-------+-------++-------
Melee: Dagger            |   416 |   180 |   233 |   743 |   355 |       ||  1927
       Rapier            |       |       |       |       |   779 |   295 ||  1074
Throw: Throwing net      |       |       |     2 |     1 |     3 |     2 ||     8
 Cast: Ensorcelled Hiber |     4 |     7 |    16 |    59 |    23 |    10 ||   119
       Confuse           |     3 |    14 |    36 |   128 |   263 |   111 ||   555
       Dazzling Spray    |       |       |     9 |    86 |   193 |    87 ||   375
       Tukima's Dance    |       |       |       |    13 |    22 |    12 ||    47
       Slow              |       |       |       |     2 |     2 |     1 ||     5
  Use: Scroll            |       |    15 |     8 |     5 |    21 |     3 ||    52
       Potion            |       |       |     2 |     7 |     1 |     9 ||    19
 Stab: Sleeping          |    17 |    18 |    18 |   114 |   122 |    29 ||   318
       Confused          |     1 |     6 |    16 |    64 |   131 |    53 ||   271
       Distracted        |       |     1 |       |     7 |    11 |     1 ||    20
       Paralysed         |       |       |     1 |     3 |     1 |       ||     5
       Invisible         |       |       |     8 |    21 |    38 |     6 ||    73
       Held in net/web   |       |       |     1 |       |     2 |       ||     3
       Petrifying        |       |       |       |     3 |       |       ||     3
       Fleeing           |       |       |       |       |       |     2 ||     2
  Eat: Ration            |       |     3 |     4 |     9 |    13 |     6 ||    35
Armor: Robe              |    16 |    10 |     4 |    18 |    24 |    10 ||    82
Dodge: Dodged            |   140 |   133 |   180 |   608 |  1038 |   303 ||  2402
Block: Buckler           |       |       |       |       |    55 |   111 ||   166
